 Dungeon Crawl Stone Soup version 0.27-a0-1196-g3e9cee4cb2 (webtiles) character file.

Game seed: 14285549964907345188

41 funkygono the Firebug (level 3, 0/19 HPs)
             Began as a Gargoyle Fire Elementalist on May 29, 2021.
             Slain by Terence
             ... wielding a +4 antimagic hand axe
              (10 damage)
             ... on level 2 of the Dungeon.
             The game lasted 00:02:54 (1757 turns).

funkygono the Firebug (Gargoyle Fire Elementalist)  Turns: 1757, Time: 00:02:55

Health: 0/19       AC:  5    Str: 11    XL:     3   Next: 52%
Magic:  0/7        EV: 12    Int: 16    God:
Gold:   80         SH:  0    Dex: 16    Spells: 3/7 levels left

rFire    . . .     SeeInvis .   e - +0 club
rCold    . . .     Faith    .   (no shield)
rNeg     + . .     Spirit   .   a - +0 robe
rPois    ∞         Reflect  .   (no helmet)
rElec    +         Harm     .   (no cloak)
rCorr    .         Rampage  .   (no gloves)
Will     .....                  (no boots)
Stlth    ++........             (no amulet)
HPRegen  0.06/turn              f - +6 ring of dexterity
MPRegen  0.10/turn              (no ring)

@: no status effects
A: sickness immunity, AC +3, negative energy resistance 1, electricity
resistance, torment resistance 1, petrification resistance
a: no special abilities


You were on level 2 of the Dungeon.
You visited 1 branch of the dungeon, and saw 2 of its levels.

You collected 80 gold pieces.

Inventory:

Hand Weapons
 e - a +0 club (weapon)
Missiles
 h - 41 stones
Armour
 a - a +0 robe (worn)
 d - a +0 leather armour
 g - a scarf of harm
Jewellery
 f - a +6 ring of dexterity (left hand)
 k - a ring of resist corrosion
Scrolls
 i - 3 scrolls of identify
 j - a scroll of fear {unknown}
 l - a scroll of teleportation {unknown}
Potions
 b - a potion of brilliance
 c - a potion of heal wounds {unknown}


   Skills:
 + Level 0.2 Fighting
 + Level 1.5 Dodging
 - Level 2.1 Stealth
 * Level 2.6 Spellcasting
 * Level 1.2 Conjurations
 * Level 3.8 Fire Magic


You had 3 spell levels left.
You knew the following spells:

 Your Spells              Type           Power      Damage    Failure   Level
a - Foxfire               Conj/Fire      40%        2x1d6     7%          1
b - Conjure Flame         Conj/Fire      10%        6-21      21%         3

Your spell library contained the following spells:

 Spells                   Type           Power      Damage    Failure   Level
 Animate Skeleton         Necr           4%         N/A       19%         1
 Pain                     Necr           8%         1d4       19%         1
 Inner Flame              Hex/Fire       8%         N/A       26%         3
 Vampiric Draining        Necr           1%         2d6       50%         3
 Sticky Flame             Conj/Fire      10%        2d3       56%         4
 Animate Dead             Necr           1%         N/A       88%         4
 Fireball                 Conj/Fire      5%         3d5       88%         5
 Agony                    Necr           2%         N/A       99%         5


Dungeon Overview and Level Annotations

Branches:
Dungeon (2/15)

Altars:
Qazlal

Annotations:
D:2 Terence


Innate Abilities, Weirdness & Mutations

You are immune to sickness and miasma.
Your stone body is resilient. (AC +3)
You are immune to poison.
You resist negative energy. (rN+)
You are resistant to electric shocks. (rElec)
You are resistant to unholy torment.
You are immune to petrification.


Message History

The foxfire hits Terence but does no damage.
Terence is lightly wounded.
Casting: Foxfire (safe; 7% risk of failure)
Confirm with . or Enter, or press ? or * to list all spells.
You conjure some foxfire!
The foxfire hits Terence.
Terence is lightly wounded.
Unknown command.
Casting: Foxfire (safe; 7% risk of failure)
Confirm with . or Enter, or press ? or * to list all spells.
You conjure some foxfire!
The foxfire hits Terence but does no damage.
Terence is lightly wounded.
The foxfire hits Terence but does no damage.
Terence is lightly wounded.
The foxfire hits Terence.
Terence is moderately wounded.
Terence hits you with a +4 antimagic hand axe.
You feel your power leaking away.
Terence hits your foxfire with a +4 antimagic hand axe!
You hit Terence but do no damage.
Terence is moderately wounded.
The foxfire hits Terence but does no damage.
Terence is moderately wounded.
Terence hits you with a +4 antimagic hand axe.
You feel your power leaking away.
Casting: Foxfire (safe; 7% risk of failure)
Confirm with . or Enter, or press ? or * to list all spells.
You don't have enough magic to cast this spell.
Unknown command.
Casting: Foxfire (safe; 7% risk of failure)
Confirm with . or Enter, or press ? or * to list all spells.
You don't have enough magic to cast this spell.
Unknown command.
You barely miss Terence.
Terence is moderately wounded.
Terence says, "Time to say good-bye..."
Terence completely misses you.
Terence hits you with a +4 antimagic hand axe!
Ouch! That really hurt!
You die...

##.# .....###.#.#
#.######....### #.#.#
#...........# #.#..
##.######...<## #.#..
#>............ .....
##.#########.# #.# #.#
##.# ...# ##.#
##).#####.##.# .#.#
##......@@....#
.#.######........>.[..[.
.............#####.#####
.#..#.#####..# .#
.#.###.## ##.# # ..##
##.####.#### .##
##......... #.##
##.#####.### ##.###.##
[#


You could see Terence.

Vanquished Creatures
  An adder (D:2)
  A dart slug (D:2)
  A ball python (D:2)
  A bat (D:1)
  3 endoplasms (D:2)
  3 giant cockroaches
  3 goblins (D:2)
  3 hobgoblins (D:2)
  2 quokkas
  A frilled lizard (D:1)
  3 kobolds (D:2)
  4 rats
26 creatures vanquished.

Vanquished Creatures (others)
  77 foxfires
77 creatures vanquished.

Grand Total: 103 creatures vanquished

Notes
Turn   | Place    | Note
-------+----------+-------------------------------------------
     0 | D:1      | funkygono the Gargoyle Fire Elementalist began the quest
                  | for the Orb.
     0 | D:1      | Reached XP level 1. HP: 10/10 MP: 3/3
   559 | D:1      | Reached XP level 2. HP: 15/15 MP: 3/5
  1033 | D:2      | Found a stormy altar of Qazlal.
  1305 | D:2      | Reached XP level 3. HP: 15/19 MP: 3/6
  1433 | D:2      | Learned a level 3 spell: Conjure Flame
  1750 | D:2      | Noticed Terence
  1757 | D:2      | Slain by Terence

Illustrated notes

Levels and vault maps discovered:
D:1:      onia_arrival_mini_spirals, layout_rooms
D:2:      layout_loops_ring, basic_altar, minmay_octomino_c4, uniq_robin,
          uniq_terence

Action                   || total
-------------------------++-------
Melee: Unarmed           ||    10
       Club              ||    28
 Cast: Foxfire           ||    44
  Use: Scroll            ||     1
Armor: Robe              ||    17
Dodge: Dodged            ||    21

Table legend: (Time is in decaauts)
 A = Elapsed time spent in this place.
 B = Non-inter-level travel time spent in this place.
 C = Inter-level travel time spent in this place.
 D = Time resting spent in this place.
 E = Time spent auto-exploring this place.
 F = Levels seen in this place.
 G = Mean time per level.
                   A        B        C        D        E       F      G
               +--------+--------+--------+--------+--------+-----+--------+
         Total |   1763 |   1752 |     11 |      0 |   1535 |   2 |  881.5 |
       Dungeon |   1763 |   1752 |     11 |      0 |   1535 |   2 |  881.5 |
               +--------+--------+--------+--------+--------+-----+--------+

Top non-repeatable levels by time:
     D:2: 938 daAuts
     D:1: 825 daAuts
